 Dungeon Crawl Stone Soup version 0.19-a0-1068-g99dd0f4 (webtiles) character file.

55 poirepourri the Bolt Thrower (level 3, 21/32 HPs)
             Began as a Deep Dwarf Hunter on Aug 4, 2016.
             Quit the game on level 2 of the Dungeon.
             The game lasted 00:00:57 (785 turns).

poirepourri the Bolt Thrower (Deep Dwarf Hunter)     Turns: 785, Time: 00:00:58

Health: 21/32      AC:  3    Str: 15    XL:     3   Next: 67%
Magic:  3/3        EV: 12    Int: 11    God:
Gold:   30         SH:  0    Dex: 14    Spells: 0 memorised, 2 levels left

rFire  . . .     SeeInvis .     b - +0 short sword
rCold  . . .     Gourm    .     c - +0 leather armour
rNeg   . . .     Faith    .     (no shield)
rPois  .         Spirit   .     (no helmet)
rElec  .         Dismiss  .     (no cloak)
rCorr  .         Reflect  .     (no gloves)
SustAt .         Harm     .     (no boots)
MR     .....                    (no amulet)
Stlth  ++........               (no ring)
                                (no ring)

@: non-regenerating
A: damage resistance, recharge devices, sense surroundings 1, slow regeneration
3
a: Device Recharging


You were on level 2 of the Dungeon.
You were not hungry.

You visited 1 branch of the dungeon, and saw 2 of its levels.

You collected 30 gold pieces.

Inventory:

Hand Weapons
 a - a +1 hand crossbow
 b - a +0 short sword (weapon)
Armour
 c - a +0 leather armour (worn)
Jewellery
 l - a +4 ring of intelligence {unknown}
Wands
 e - a wand of heal wounds (3/9)
Scrolls
 h - a scroll of recharging {unknown}
 j - a scroll of remove curse {unknown}
 k - a scroll of immolation {unknown}
Potions
 g - a potion of haste {unknown}
Comestibles
 f - 2 bread rations
 i - a beef jerky
 m - a meat ration


   Skills:
 + Level 1.8 Fighting
 + Level 5.7 Crossbows
 - Level 0.4 Armour
 + Level 2.4 Dodging
 - Level 1.2 Stealth


You had 2 spell levels left.
You didn't know any spells.

Dungeon Overview and Level Annotations

Branches:
Dungeon (2/15)

Altars:


Innate Abilities, Weirdness & Mutations

You are resistant to damage.
You can recharge devices by infusing magical energy.
You passively map a small area around you.
You do not regenerate naturally.


Message History

The gnoll hits you from afar with a halberd!
The gnoll hits you but does no damage.
Evoke which item? (* to show all) (? for menu, Esc to quit)
Zapping:
e - a wand of heal wounds (4/9)
Press: ? - help, Shift-Dir - straight line, f - you You feel much better.
This wand has 3 charges left.
The gnoll completely misses you. The gnoll barely misses you.
You hit the gnoll but do no damage.
The gnoll is severely wounded.
The gnoll barely misses you. x2
You hit the gnoll.
You kill the gnoll!
The gnoll hits you from afar with a halberd!
The gnoll misses you.
Things that are here:
a spear; a gnoll corpse The gnoll closely misses you.
The gnoll barely misses you.
You barely miss the gnoll. The gnoll misses you.
Are you sure you want to abandon this character and quit the game? (Confirm with "yes".)

*#....P.♣♣ ,+
#)...... #
...###.$.P..♣♣#
.##*
.P.........♣.P♣....
*
....P..P.P♣.P♣.P..,
,P.P..PP.P..PP.♣ ,
#.PPP##P.#.#♣P... *
* ,* ##..#####g###
# #.####.....†.@).#
, .........).###.#
*###......## #<# *
######......+ #.# +
.....>......#* #.#,
*
.................#
, *
...###############
.. ,, ,,, ,, * . ,
, * ,


You could see a gnoll.

Vanquished Creatures
  An adder (D:2)
  3 gnolls (D:2)
  A dart slug (D:1)
  A ball python (D:1)
  A giant cockroach (D:1)
  2 hobgoblins
  A bat (D:1)
  4 kobolds (D:1)
  3 rats
17 creatures vanquished.

Notes
Turn   | Place    | Note
-------+----------+-------------------------------------------
     0 | D:1      | poirepourri the Deep Dwarf Hunter began the quest for the Orb.
     0 | D:1      | Reached XP level 1. HP: 19/19 MP: 1/1
   334 | D:1      | Reached XP level 2. HP: 26/26 MP: 2/2
   712 | D:2      | Reached skill level 5 in Crossbows
   753 | D:2      | Reached XP level 3. HP: 32/32 MP: 3/3
   785 | D:2      | Quit the game

Vault maps used:
D:1:      erik_arrival_blinker_ship
D:2:      wad_woods_settlement, yredelemnul_forgotten_temple_becter,
          ecumenical_altar_1, minmay_statues_item

Skill      XL: |  1  2 |
---------------+-------+-----
Crossbows      | 5 |  5.7
Fighting       | |  1.8
Armour         | |  0.4
Dodging        | |  2.4
Stealth        | |  1.2

Action                   || total
-------------------------++-------
Melee: Short sword       ||     8
 Fire: Hand crossbow     ||    45
Evoke: Wand              ||     2
Armor: Leather armour    ||     4
Dodge: Dodged            ||    25
